 Dungeon Crawl Stone Soup version 0.27.0-1-g7a08968 (webtiles) character file.

Game seed: 2806040772663656323

53 Illumine the Vandal (level 4, -6/33 HPs)
             Began as a Human Arcane Marksman on July 31, 2021.
             Was an Initiate of Qazlal.
             Mangled by a killer bee (7 damage)
             ... on level 5 of the Dungeon.
             The game lasted 00:06:00 (2515 turns).

Illumine the Vandal (Human Arcane Marksman)         Turns: 2515, Time: 00:06:01

Health: -6/33      AC:  3    Str: 11    XL:     4   Next: 11%
Magic:  5/5        EV: 12    Int: 14    God:    Qazlal [......]
Gold:   140        SH:  0    Dex: 13    Spells: 2/5 levels left

rFire    . . .     SeeInvis .   a - +0 hunting sling (elec)
rCold    . . .     Faith    .   (no shield)
rNeg     . . .     Spirit   .   d - +0 robe
rPois    .         Reflect  .   i - +0 helmet
rElec    .         Harm     .   (no cloak)
rCorr    .         Rampage  .   (no gloves)
Will     .....                  (no boots)
Stlth    +.........             (no amulet)
HPRegen  0.11/turn              (no ring)
MPRegen  0.09/turn              (no ring)

@: lethally poisoned (-6 -> -15)
A: no striking features
a: Renounce Religion


You were on level 5 of the Dungeon.
You worshipped Qazlal.
Qazlal was noncommittal.
You visited 1 branch of the dungeon, and saw 6 of its levels.

You collected 140 gold pieces.

Inventory:

Hand Weapons
 a - a +0 hunting sling of electrocution (weapon)
 b - a +4 dagger
Missiles
 c - 39 sling bullets (quivered ammo)
 e - 35 stones
Armour
 d - a +0 robe (worn)
 g - a +2 scale mail of poison resistance
 i - a +0 helmet (worn)
Wands
 m - a wand of paralysis (1)
Scrolls
 f - a scroll of immolation
Potions
 h - a potion of curing
 k - a potion of might {unknown}
 o - a potion of brilliance {unknown}


   Skills:
 + Level 1.9 Fighting
 * Level 3.2 Slings
 + Level 2.6 Dodging
 - Level 1.0 Spellcasting
 - Level 3.0 Hexes


You had 2 spell levels left.
You knew the following spells:

 Your Spells              Type           Power      Damage    Failure   Level
a - Corona                Hex            10%        N/A       8%          1
b - Slow                  Hex            9%         N/A       12%         2

Your spell library contained the following spells:

 Spells                   Type           Power      Damage    Failure   Level
 Inner Flame              Hex/Fire       4%         N/A       38%         3
 Portal Projectile        Hex/Tloc       8%         N/A       38%         3
 Cause Fear               Hex            4%         N/A       58%         4
 Borgnjor's Revivificati  Necr           0%         N/A       100%        8
 Necromutation            Tmut/Necr      0%         N/A       100%        8
 Death's Door             Necr           0%         N/A       100%        9


Dungeon Overview and Level Annotations

Branches:
Dungeon (6/15)
 Temple: D:4-7

Altars:
Elyvilon
Hepliaklqana
Qazlal

Portals:
Ossuary: D:6


Message History

* * * LOW HITPOINT WARNING * * *
The orc barely misses you. The killer bee barely misses you.
The hound bites you.
* * * LOW HITPOINT WARNING * * *
You feel better. The killer bee misses you. The ufetubus misses you.
The ufetubus hits you.
* * * LOW HITPOINT WARNING * * *
The orc hits you with a +0 whip.
* * * LOW HITPOINT WARNING * * *
The killer bee closely misses you. The hound barely misses you.
The ufetubus completely misses you. The ufetubus closely misses you.
The killer bee barely misses you. The killer bee stings you.
* * * LOW HITPOINT WARNING * * *
The hound bites you but does no damage.
Found a scroll labelled JOSSUC ANKECHAO.
There is an open door here.
The killer bee barely misses you.
You feel better. The killer bee stings you!
* * * LOW HITPOINT WARNING * * *
You are lethally poisoned!
The killer bee poisons you! The killer bee stings you.
* * * LOW HITPOINT WARNING * * *
Unknown command.
You feel better.
The killer bee stings you but does no damage.
The iguana misses you. The killer bee stings you!
* * * LOW HITPOINT WARNING * * *
You are lethally poisoned!
The killer bee poisons you!
Unknown command.
You feel better. The killer bee barely misses you.
The iguana barely misses you. The killer bee stings you!
* * * LOW HITPOINT WARNING * * *
You are lethally poisoned!
The killer bee poisons you!
Unknown command.
* * * LOW HITPOINT WARNING * * *
You feel very sick. The killer bee stings you!
You die...

#.........
#........ #.....#
#.....# #.....# .
#..ho.# ...
#.#5#####....
#..ly........
######....@.?.....
.........#########
......(>.......
...[......#####
#....###..# #.##.
#..# # # ...# #.#
.#


You could see an iguana, a hound, a killer bee and an ufetubus.

Vanquished Creatures
  An adder (D:2)
  A worm (D:2)
  2 dart slugs
  4 endoplasms
  2 giant cockroaches
  4 goblins
  2 hobgoblins
  3 kobolds
  3 quokkas
  3 bats
  6 frilled lizards
  7 rats
38 creatures vanquished.

Notes
Turn   | Place    | Note
-------+----------+-------------------------------------------
     0 | D:1      | Illumine the Human Arcane Marksman began the quest for the
                  | Orb.
     0 | D:1      | Reached XP level 1. HP: 15/15 MP: 2/2
    77 | D:1      | Found a faded altar of an unknown god.
   314 | D:1      | You fall into a shaft and drop 1 floor!
   322 | D:2      | Found a stormy altar of Qazlal.
   334 | D:2      | Became a worshipper of Qazlal Stormbringer
   342 | D:2      | Reached XP level 2. HP: 21/21 MP: 3/3
   349 | D:2      | Learned a level 2 spell: Slow
  1100 | D:2      | Reached XP level 3. HP: 20/26 MP: 4/4
  2097 | D:3      | Reached XP level 4. HP: 33/33 MP: 5/5
  2262 | D:3      | Found a hazy altar of Hepliaklqana.
  2388 | D:4      | You fall into a shaft and drop 2 floors!
  2389 | D:6      | Noticed a black bear
  2417 | D:6      | Found a white marble altar of Elyvilon.
  2427 | D:6      | Noticed a sky beast
  2472 | D:6      | Found a sand-covered staircase.
  2501 | D:5      | Entered Level 5 of the Dungeon
  2512 | D:5      | HP: 1/33 [killer bee (5)]
  2515 | D:5      | Mangled by a killer bee

Illustrated notes

Levels and vault maps discovered:
D:1:      mainiacjoe_arrival_reflecting_pool, layout_loops_corners,
          chequers_ecumenical_altar_island
D:2:      layout_loops_ring, basic_altar
D:3:      layout_rooms, nzn_hepliaklqana_mist_gate
D:4:      layout_loops_ring, kennysheep_vampire_church, lemuel_round_altar
D:5:      layout_basic, gammafunk_temple_overflow_pools, fedhas_altar_1,
          minmay_temple_entry_hall
D:6:      layout_basic, elyvilon_altar_5, marbit_many_paths, enter_ossuary_1

Skill      XL: |  1  2  3 |
---------------+----------+-----
Slings         | 3 |  3.2
Fighting       | |  1.9
Dodging        | |  2.6
Spellcasting   | |  1.0
Hexes          | |  3.0

Action                   |  1- 3 |  4- 6 || total
-------------------------+-------+-------++-------
Melee: Dagger            |    43 |     7 ||    50
 Fire: Hunting sling     |    67 |    11 ||    78
Evoke: Wand              |       |     7 ||     7
  Use: Potion            |     1 |     4 ||     5
       Scroll            |       |     4 ||     4
 Stab: Distracted        |     1 |       ||     1
       Sleeping          |     1 |       ||     1
Armor: Robe              |     9 |     4 ||    13
Dodge: Dodged            |    31 |    29 ||    60
